 Dungeon Crawl Stone Soup version 0.30.0-5-g1a98f26d00 (webtiles) character file.

Game seed: 6915735738074054545

2719 Jackthecabe the Zephyrmancer (level 9, -6/55 HPs)
             Began as a Tengu Air Elementalist on May 10, 2023.
             Was a Believer of Vehumet.
             Mangled by Harold
             ... wielding a +0 hand axe
              (19 damage)
             ... on level 9 of the Dungeon.
             The game lasted 00:28:34 (4306 turns).

Jackthecabe the Zephyrmancer (TeAE)                 Turns: 4306, Time: 00:28:35

Health: -6/55      AC:  7    Str:  9    XL:     9   Next: 66%
Magic:  16/16      EV:  7    Int: 25    God:    Vehumet [**....]
Gold:   338        SH:  0    Dex: 15    Spells: 1/16 levels left

rFire   + + .        a - staff of air {!a}
rCold   . . .        (no shield)
rNeg    . . .        m - +1 robe
rPois   .            (helmet restricted)
rElec   +            (no cloak)
rCorr   .            (no gloves)
SInv    .            (boots unavailable)
Will    .....        (no amulet)
Stlth   ++           I - +6 ring of intelligence
HPRegen 0.29/turn    v - ring "Qudwoz Laqi" {rF++ AC+4}
MPRegen 0.15/turn

%: no passive effects
@: confused, ambrosia-drunk, marked, flying quickly and evasively, held, quick
A: beak, talons 3, nimble flight
a: Renounce Religion


You were on level 9 of the Dungeon.
You worshipped Vehumet.
Vehumet was pleased with you.
You visited 2 branches of the dungeon, and saw 10 of its levels.

You collected 338 gold pieces.


Innate Abilities, Weirdness & Mutations

You have a beak for a mouth.
You have claws for feet.
Your magical nature lets you fly swiftly and evasively.


   Skills:
 + Level 6.0 Fighting
 - Level 2.1 Dodging
 * Level 7.2 Stealth
 - Level 4.0 Spellcasting
 + Level 6.5 Conjurations
 - Level 10.0 Air Magic


You had one spell level left.
You knew the following spells:

 Your Spells              Type           Power      Damage    Failure   Level
a - Airstrike             Air            35%        2d(5-21)  1%          4
i - Swiftness             Air            70%        N/A       1%          3
t - Static Discharge      Conj/Air       100%       2-7/arc   1%          2
z - Shock                 Conj/Air       100%       1d9       1%          1
X - Arcjolt               Conj/Air       31%        1d41      9%          5

Your spell library contained the following spells:

 Spells                   Type           Power      Damage    Failure   Level
 Magic Dart               Conj           100%       1d8       1%          1
 Vhi's Electric Charge    Tloc/Air       90%        N/A       3%          3
 Stone Arrow              Conj/Erth      42%        3d9       7%          3
 Animate Armour           Summ/Erth      10%        N/A       65%         4
 Lehudib's Crystal Spear  Conj/Erth      10%        10d4      100%        8
 Maxwell's Capacitive Co  Air            35%        ∞         100%        8

Inventory:

Hand Weapons
 b - a +2 mace of holy wrath
 f - a +0 short sword of electrocution
 i - a +0 dagger
Missiles
 x - 7 poisoned darts
Armour
 m - a +1 robe (worn)
Magical Staves
 a - a staff of air (weapon) {!a}
 k - a staff of fire {!a}
Jewellery
 v - the ring "Qudwoz Laqi" (right hand) {rF++ AC+4}
   (You found it on level 4 of the Dungeon)

   [ring of protection]

   AC:        It affects your AC (+4).
   rF:        It greatly protects you from fire.
 C - a ring of protection from cold
 I - a +6 ring of intelligence (left hand)
Wands
 p - a wand of iceblast (8)
 y - a wand of paralysis (10)
Scrolls
 c - a scroll of summoning {unknown}
 d - a scroll of silence {unknown}
 g - 2 scrolls of blinking {unknown}
 h - 5 scrolls of teleportation {unknown}
 j - 2 scrolls of magic mapping {unknown}
 l - 3 scrolls of identify {unknown}
 q - a scroll of fog {unknown}
 s - a scroll of enchant armour
 z - 3 scrolls of vulnerability {unknown}
 A - 2 scrolls of fear {unknown}
 B - a scroll of noise {unknown}
Potions
 e - 2 potions of invisibility {unknown}
 n - 3 potions of haste {unknown}
 o - a potion of magic
 r - 3 potions of cancellation {unknown}
 t - a potion of ambrosia
 u - a potion of degeneration {unknown}
 w - a potion of brilliance {unknown}

Dungeon Overview and Level Annotations

Branches:
Dungeon (9/15)             Temple (1/1) D:4
   Lair: D:8-11         Orc: D:9-12

Altars:
Makhleb
Vehumet

Shops:
D:2 [

Annotations:
D:4 Grinder
D:9 Erolcha, Harold

#.# # ##.## .##
###.####...##...#
.........#......> ....
###.####...##...# ##.. .# .
##.## #.## #.# .###. ...
#####.####.# # ##.........
#..........# .#..##....
.#@####.###.#####
.......... ..#@#
#.#........ ..#### #.#
#.##O# #.#.#.# ..#### #.#
#.##.# #.....#
..<..###.####.##.# ###.#.#
..............##.# #.#.#
.....###.###...#.######.#.#
..#### #...........O....#.#
..# #####...##########.#


You could see Harold and a two-headed ogre.


Message History

You are very lightly contaminated with residual magic.
Nothing appears to happen.
Harold hits you with a +0 hand axe!
* * * LOW HITPOINT WARNING * * *
Unknown command.
Casting: Arcjolt (quite dangerous; 9% risk of failure)
Confirm with . or Enter, or press ? or * to list all spells.
You don't have enough magic to cast this spell.
Harold throws a throwing net.
The throwing net hits you.
You become entangled in the net!
You see here a throwing net {=f}.
You struggle against the net.
Harold zaps a wand.
You suddenly lose the ability to move!
Harold gestures at you while chanting. A sentinel's mark forms upon you.
Harold zaps a wand.
You resist with some effort. Harold hits you with a +0 hand axe!
* * * LOW HITPOINT WARNING * * *
You can move again.
Unknown command.
You are confused.
You feel invigorated. Harold hits you with a +0 hand axe!
* * * LOW HITPOINT WARNING * * *
Your magical contamination has completely faded away.
Unknown command.
Unknown command.
You struggle against the net.
Harold hits you with a +0 hand axe.
* * * LOW HITPOINT WARNING * * *
Unknown command.
You struggle against the net.
Harold hits you with a +0 hand axe!!
You die...

Skill      XL: |  1  2  3  4  5  6  7  8  9 |
---------------+----------------------------+-----
Conjurations   | 2 3 4 6 |  6.5
Air Magic      | 5 6 8 10 | 10.0
Fighting       | 2 4 6 |  6.0
Spellcasting   | 3 4 |  4.0
Stealth        | 4 7 |  7.2
Dodging        | |  2.1

Action                     |  1- 3 |  4- 6 |  7- 9 || total
---------------------------+-------+-------+-------++-------
  Melee: Dagger            |     1 |     3 |       ||     4
         Kick              |     1 |     3 |     4 ||     8
         Mace              |       |    16 |    27 ||    43
         Peck              |       |     4 |     3 ||     7
         Staff             |       |       |     2 ||     2
  Throw: Dart              |       |       |     6 ||     6
   Cast: Shock             |    48 |   124 |   145 ||   317
         Static Discharge  |     1 |     3 |    25 ||    29
         Airstrike         |       |       |    17 ||    17
    Use: Potion            |       |       |     7 ||     7
         Scroll            |       |       |     1 ||     1
 Armour: Robe              |       |     7 |    44 ||    51
  Dodge: Dodged            |     8 |    33 |   121 ||   162

Levels and vault maps discovered:
D:1:      dpeg_arrival_renting, layout_basic, grunt_decor_cap
D:2:      layout_rooms, ebering_ecumenical_altar_abandoned, serial_shops,
          nicolae_shop_crystal, uniq_natasha
D:3:      layout_rooms, uniq_jessica, uniq_ijyb
D:4:      kennysheep_spiral_hall, layout_basic, minmay_temple_entry_slanted,
          uniq_grinder, uniq_duvessa, uniq_robin, uniq_edmund
D:5:      wad_crossroads, layout_layer_cave, minmay_bent,
          uniq_crazy_yiuf_cottage
D:6:      layout_loops_ring
D:7:      layout_rooms, lemuel_crystal_altar
D:8:      layout_loops_cross, minmay_lair_entry_grove,
          chequers_decorated_corner, uniq_grum, uniq_maurice
D:9:      layout_loops_ring, special_room [special_room_orc], uniq_erolcha,
          uniq_harold, uniq_prince_ribbit1
Temple:   mainiacjoe_temple_big_plus

Notes
Turn   | Place    | Note
-------+----------+-------------------------------------------
     0 | D:1      | Jackthecabe the Tengu Air Elementalist began the quest for
                  | the Orb.
     0 | D:1      | Reached XP level 1. HP: 10/10 MP: 4/4
   138 | D:1      | Reached skill level 2 in Conjurations
   193 | D:1      | Reached XP level 2. HP: 15/15 MP: 1/6
   197 | D:1      | Learned a level 2 spell: Static Discharge
   677 | D:1      | Reached XP level 3. HP: 19/19 MP: 4/7
   799 | D:2      | Noticed Natasha
   800 | D:2      | Reached skill level 3 in Conjurations
   888 | D:2      | Killed Natasha
   889 | D:2      | Reached skill level 5 in Air Magic
   889 | D:2      | Reached XP level 4. HP: 16/24 MP: 1/8
  1233 | D:2      | Found a faded altar of an unknown god.
  1280 | D:2      | Found Bimp's Armour Emporium.
  1408 | D:2      | Reached skill level 4 in Conjurations
  1423 | D:2      | Noticed Natasha
  1427 | D:2      | Killed Natasha
  1438 | D:2      | Learned a level 4 spell: Airstrike
  1458 | D:2      | Noticed Natasha
  1467 | D:2      | Killed Natasha
  1468 | D:2      | Reached skill level 6 in Air Magic
  1468 | D:2      | Gained mutation: Your magical nature lets you fly swiftly
                  | and evasively. [Tengu growth]
  1468 | D:2      | Reached XP level 5. HP: 20/28 MP: 2/9
  1562 | D:3      | Noticed Jessica
  1563 | D:3      | Killed Jessica
  1564 | D:3      | Reached skill level 5 in Conjurations
  1587 | D:3      | Noticed Ijyb
  1594 | D:3      | Killed Ijyb
  1685 | D:3      | Reached skill level 6 in Conjurations
  1780 | D:3      | Reached XP level 6. HP: 33/33 MP: 4/10
  1958 | D:4      | Reached skill level 1 in Fighting
  2022 | D:4      | Noticed Edmund
  2054 | D:4      | Noticed Grinder
  2096 | D:4      | Killed Edmund
  2097 | D:4      | Reached skill level 2 in Fighting
  2097 | D:4      | Reached skill level 3 in Spellcasting
  2288 | D:4      | Reached XP level 7. HP: 32/40 MP: 2/12
  2366 | D:4      | Reached skill level 3 in Fighting
  2393 | D:4      | HP: 2/41 [orc/+0 mace (4)]
  2408 | D:4      | Identified the ring "Qudwoz Laqi" {rF++ AC+4}
  2428 | D:4      | Noticed Robin
  2444 | D:4      | Killed Robin
  2496 | D:4      | Noticed Duvessa
  2528 | D:4      | Noticed Dowan
  2551 | D:4      | Found a staircase to the Ecumenical Temple.
  2558 | Temple   | Entered the Ecumenical Temple
  2638 | Temple   | Became a worshipper of Vehumet
  2665 | D:4      | Killed Duvessa
  2666 | D:4      | Reached skill level 7 in Air Magic
  2672 | D:4      | Killed Dowan
  2673 | D:4      | Reached skill level 4 in Fighting
  2677 | D:4      | Learned a level 3 spell: Swiftness
  2696 | D:5      | Entered Level 5 of the Dungeon
  2783 | D:5      | Reached skill level 8 in Air Magic
  2859 | D:6      | Reached XP level 8. HP: 48/48 MP: 0/13
  2972 | D:6      | Noticed a yak
  3085 | D:6      | Reached skill level 9 in Air Magic
  3249 | D:6      | Noticed a yak
  3249 | D:6      | Noticed a yak
  3294 | D:6      | Killed a yak
  3295 | D:6      | Reached skill level 10 in Air Magic
  3421 | D:7      | Reached * piety under Vehumet
  3421 | D:7      | Offered knowledge of Freeze by Vehumet.
  3422 | D:7      | Reached skill level 4 in Spellcasting
  3431 | D:7      | Identified the +2 helmet of the Evening {Dex+3}
  3435 | D:7      | Found a burning altar of Makhleb.
  3476 | D:7      | Reached skill level 3 in Stealth
  3549 | D:8      | Noticed a wyvern
  3564 | D:7      | Reached skill level 4 in Stealth
  3576 | D:7      | HP: 2/48 [wolf[Grum] (6)]
  3588 | D:7      | Reached XP level 9. HP: 44/52 MP: 14/16
  3648 | D:9      | Noticed a two-headed ogre
  3687 | D:9      | Noticed Erolcha
  3739 | D:9      | Reached skill level 5 in Fighting
  3739 | D:9      | Reached skill level 5 in Stealth
  3787 | D:9      | Reached ** piety under Vehumet
  3787 | D:9      | Offered knowledge of Magic Dart by Vehumet.
  3795 | D:9      | Learned a level 5 spell: Arcjolt
  3882 | D:9      | Reached skill level 6 in Stealth
  3942 | D:9      | Noticed Prince Ribbit
  3952 | D:9      | Killed Prince Ribbit
  4165 | D:9      | Reached skill level 7 in Stealth
  4186 | D:9      | Reached skill level 6 in Fighting
  4288 | D:9      | Noticed Harold
  4299 | D:9      | Paralysed by Harold for 5 turns
  4306 | D:9      | Mangled by Harold

Vanquished Creatures
  Prince Ribbit (D:9)
  A yak (D:6)
  Edmund (D:4)
  A water moccasin (D:7)
  Duvessa (D:4)
  A sky beast (D:7)
  An ice beast (D:6)
  2 orc warriors (D:9)
  An ogre (D:9)
  2 wolves (D:7)
  A centaur (D:9)
  A phantom (D:6)
  A bullfrog (D:8)
  5 wights (D:9)
  Dowan (D:4)
  4 howler monkeys
  3 hounds
  2 jellies (D:6)
  2 orc priests
  Jessica (D:3)
  Ijyb (D:3)
  Natasha (thrice) (D:2)
  An iguana (D:7)
  6 orc wizards
  Robin (D:4)
  6 adders
  A shadow imp (D:7)
  An ufetubus (D:4)
  A worm (D:2)
  2 dart slugs
  52 orcs
  11 endoplasms
  6 giant cockroaches
  7 hobgoblins
  11 jackals
  6 kobolds
  4 quokkas
  4 ball pythons
  7 bats
  4 frilled lizards
  19 goblins
  A rat (D:3)
188 creatures vanquished.

Table legend: (Time is in decaauts)
 A = Elapsed time spent in this place.
 B = Non-inter-level travel time spent in this place.
 C = Inter-level travel time spent in this place.
 D = Time resting spent in this place.
 E = Time spent auto-exploring this place.
 F = Levels seen in this place.
 G = Mean time per level.
                   A        B        C        D        E       F      G
               +--------+--------+--------+--------+--------+-----+--------+
         Total |   4094 |   3778 |    316 |      0 |    336 |  10 |  409.4 |
       Dungeon |   4001 |   3704 |    297 |      0 |    336 |   9 |  444.6 |
        Temple |     92 |     74 |     18 |      0 |      0 |   1 |   92.0 |
               +--------+--------+--------+--------+--------+-----+--------+

Top non-repeatable levels by time:
     D:1: 1016 daAuts
     D:4: 689 daAuts
     D:9: 606 daAuts
     D:2: 464 daAuts
     D:6: 451 daAuts
     D:3: 397 daAuts
     D:7: 263 daAuts
  Temple: 92 daAuts
     D:5: 68 daAuts
     D:8: 44 daAuts

Table legend:
 A = Non-vault XP
 B = Vault XP
 C = Vault XP percentage of total XP
 D = Non-vault monster count
 E = Vault monster count
 F = Vault count percentage of total count
                 A         B        C        D         E       F
            +---------+---------+-------+---------+---------+-------
      Total |    2315 |    1570 |  40.4 |     137 |      51 |  27.1
            +---------+---------+-------+---------+---------+-------
        D:1 |      46 |       0 |   0.0 |      24 |       0 |   0.0
        D:2 |     110 |      36 |  24.7 |      24 |       1 |   4.0
        D:3 |      66 |      73 |  52.5 |      23 |       2 |   8.0
        D:4 |     311 |     478 |  60.6 |      31 |      18 |  36.7
        D:5 |      85 |       0 |   0.0 |       4 |       0 |   0.0
        D:6 |     585 |       0 |   0.0 |       8 |       0 |   0.0
        D:7 |     397 |     230 |  36.7 |      13 |       2 |  13.3
        D:8 |      88 |       0 |   0.0 |       1 |       0 |   0.0
        D:9 |     627 |     753 |  54.6 |       9 |      28 |  75.7
            +---------+---------+-------+---------+---------+-------
